 Dungeon Crawl Stone Soup version 0.29-a0-653-gd47aff6735 (webtiles) character file.

Game seed: 8079896108486552673

22253 testman the Frost Mage (level 12, -12/103 HPs)
             Began as a Merfolk Ice Elementalist on June 21, 2022.
             Was an Elder of Ashenzari.
             Mangled by Rupert
             ... wielding a +4 battleaxe of flaming
              (37 damage)
             ... on level 12 of the Dungeon.
             The game lasted 01:17:53 (15430 turns).

testman the Frost Mage (Merfolk Ice Elementalist)  Turns: 15430, Time: 01:17:53

Health: -12/103    AC: 26    Str: 12    XL:     12   Next: 98%
Magic:  20/28      EV: 12    Int: 22    God:    Ashenzari [****..]
Gold:   1671       SH:  7    Dex: 15    Spells: 14/35 levels left

rFire   . . .      SeeInvis +   n - +1 spear of the Mantic Pleiades {venom, Alch, Melee} (curse)
rCold   + . .      Faith    .   L - +2 buckler of Cremastomancy {Comp, Fort} (curse)
rNeg    . . .      Spirit   .   t - +10 ring mail "At What Cost Knowledge?" {rCorr Str+4, Self, Elem} (curse)
rPois   .          Reflect  .   f - +2 helmet of the Manifest Seeker {Int+3, Self, Fort} (curse)
rElec   .          Harm     +   I - scarf of the Ensconced God {harm, Melee, Comp} (curse)
rCorr   +          Rampage  .   (no gloves)
Will    .....      Clarity  +   C - +0 pair of boots "Bound Gloom" {Fort, Range} (curse)
Stlth   ++........              h - amulet of magic regeneration
HPRegen 0.27/turn               H - ring "Affliction of Ashenzari" {rC+, Cun, Evo} (curse)
MPRegen 0.61/turn               (no ring)

@: ice-armoured, freezing walls
A: (nimble swimmer 2), mertail
a: Renounce Religion, Shatter the Chains


You were on level 12 of the Dungeon.
You worshipped Ashenzari.
Ashenzari was greatly pleased with you.
You visited 2 branches of the dungeon, and saw 13 of its levels.
You also visited: Sewer and Gauntlet.

You collected 1761 gold pieces.
You spent 90 gold pieces at shops.

Inventory:

Hand Weapons
 n - the cursed +1 spear of the Mantic Pleiades (weapon) {venom, Alch, Melee}
   (You found it on level 2 of the Dungeon)

   It poisons the flesh of those it strikes.
   It has a curse which improves the following skills: Alchemy: Poison Magic and
   Transmutations.
   Melee Combat: Short Blades, Long Blades, Axes, Maces & Flails, Polearms,
   Staves and Unarmed Combat.
 o - a +0 glaive of venom
 O - a +0 trident
Missiles
 g - 61 poisoned darts
 x - 2 boomerangs of dispersal
 z - 2 javelins
 A - a throwing net
 K - 6 curare-tipped darts
 V - a boomerang
 W - 3 silver javelins
Armour
 f - the cursed +2 helmet of the Manifest Seeker (worn) {Int+3, Self, Fort}
   (You found it in a Gauntlet)

   It has a curse which improves the following skills: Introspection: Fighting
   and Spellcasting.
   Fortitude: Armour and Shields.
 t - the cursed +10 ring mail "At What Cost Knowledge?" (worn) {rCorr Str+4, Self, Elem}
   (You found it on level 4 of the Dungeon)

   Str:       It affects your strength (+4).
   rCorr:     It protects you from acid and corrosion.
   It has a curse which improves the following skills: Introspection: Fighting
   and Spellcasting.
   Elements:  Fire Magic, Ice Magic, Air Magic and Earth Magic.
 y - a scarf of repulsion
 C - the cursed +0 pair of boots "Bound Gloom" (worn) {Fort, Range}
   (You found it on level 4 of the Dungeon)

   It has a curse which improves the following skills: Fortitude: Armour and
   Shields.
   Ranged Combat: Slings, Bows, Crossbows and Throwing.
 I - the cursed scarf of the Ensconced God (worn) {harm, Melee, Comp}
   (You found it on level 6 of the Dungeon)

   It has a curse which improves the following skills: Melee Combat: Short
   Blades, Long Blades, Axes, Maces & Flails, Polearms, Staves and Unarmed
   Combat.
   Companions: Summonings and Necromancy.
 L - the cursed +2 buckler of Cremastomancy (worn) {Comp, Fort}
   (You found it on level 8 of the Dungeon)

   It has a curse which improves the following skills: Companions: Summonings
   and Necromancy.
   Fortitude: Armour and Shields.
 X - a +0 buckler of protection
 Y - +2 ice dragon scales
Jewellery
 h - an amulet of magic regeneration (around neck)
 H - the cursed ring "Affliction of Ashenzari" (left hand) {rC+, Cun, Evo}
   (You found it on level 6 of the Dungeon)

   [ring of protection from cold]

   rC:        It protects you from cold.
   It has a curse which improves the following skills: Cunning: Dodging and
   Stealth.
   Evocations: Evocations.
Wands
 u - a wand of light (7)
 v - a wand of paralysis (28)
 J - a wand of iceblast (23)
 P - a wand of digging (8)
 Q - a wand of mindburst (15)
Scrolls
 a - 2 scrolls of enchant weapon
 c - 6 scrolls of fog
 e - 3 scrolls of fear
 i - 3 scrolls of vulnerability
 k - a scroll of summoning
 m - a scroll of immolation
 q - a scroll of amnesia
 r - 6 scrolls of blinking
 s - 5 scrolls of teleportation
 B - 4 scrolls of magic mapping
 D - 2 scrolls of brand weapon
 M - 5 scrolls of poison
 R - a scroll of enchant armour
Potions
 b - 5 potions of magic
 d - 2 potions of brilliance
 l - 3 potions of flight
 p - a potion of attraction
 w - 4 potions of curing
 E - 6 potions of mutation
 F - 2 potions of invisibility
 G - 2 potions of haste
 N - a potion of cancellation
 S - 2 potions of resistance
Miscellaneous
 Z - a phantom mirror


   Skills:
 + Level 9.7(12.6) Fighting
 + Level 11.5(14.4) Polearms
 - Level 1.1(3.3) Armour
 - Level 3.0(4.6) Dodging
 - Level 2.1(3.7) Stealth
 - Level 2.0(4.8) Shields
 - Level 9.0(12.0) Spellcasting
 - Level 8.0 Conjurations
 - Level 1.4(3.3) Necromancy
 + Level 12.7(14.6) Ice Magic
 - Level 3.2(5.0) Air Magic


You had 14 spell levels left.
You knew the following spells:

 Your Spells              Type           Power      Damage    Failure   Level
a - Freeze                Ice            100%       1d11      1%          1
b - Frozen Ramparts       Ice            100%       1d12      1%          3
c - Ozocubu's Armour      Ice            67%        N/A       1%          3
d - Hailstorm             Conj/Ice       58%        3d13      1%          4
e - Freezing Cloud        Conj/Ice/Air   26%        6-21      9%          5
f - Sublimation of Blood  Necr           28%        N/A       5%          2
g - Swiftness             Air            35%        N/A       5%          3

Your spell library contained the following spells:

 Spells                   Type           Power      Damage    Failure   Level
 Shock                    Conj/Air       100%       1d9       1%          1
 Ensorcelled Hibernation  Hex/Ice        90%        N/A       1%          2
 Mephitic Cloud           Conj/Pois/Air  32%        N/A       7%          3
 Conjure Flame            Conj/Fire      31%        6-21      8%          3
 Beastly Appendage        Tmut           28%        N/A       13%         1
 Airstrike                Air            17%        N/A       17%         4
 Passwall                 Tmut/Erth      11%        N/A       19%         2
 Wereblood                Tmut           14%        N/A       19%         2
 Iskenderun's Mystic Bla  Conj/Tloc      30%        2d8       26%         4
 Sticky Flame             Conj/Fire      31%        2d5       26%         4
 Ignite Poison            Fire/Tmut/Pois 14%        N/A       36%         3
 Spider Form              Tmut/Pois      14%        N/A       36%         3
 Teleport Other           Tloc           13%        N/A       38%         3
 Tukima's Dance           Hex            13%        N/A       38%         3
 Passage of Golubria      Tloc           13%        N/A       80%         4
 Manifold Assault         Tloc           13%        N/A       98%         5
 Yara's Violent Unravell  Hex/Tmut       6%         3d5       98%         5
 Dispersal                Tloc           6%         N/A       100%        6
 Summon Hydra             Summ           7%         N/A       100%        7
 Disjunction              Tloc           6%         N/A       100%        8


Dungeon Overview and Level Annotations

Branches:
Dungeon (12/15)            Temple (1/1) D:4            Lair (0/6) D:9
    Orc (0/2) D:9           Sewer (visited)         Gauntlet (visited)

Altars:
Ashenzari
Cheibriados
Dithmenos
Elyvilon
Fedhas
Gozag
Hepliaklqana
Kikubaaqudgha
Makhleb
Nemelex Xobeh
Okawaru
Qazlal
Ru
Sif Muna
Trog
Uskayaw
Vehumet
Wu Jian
Xom
Yredelemnul
Zin
The Shining One

Shops:
D:4 (   D:6 ?   D:9 *

Annotations:
D:12 Rupert


Innate Abilities, Weirdness & Mutations

((You are very nimble when in or above water. (Stealth+, EV+, Speed+++)))
Your lower body shifts to a powerful aquatic tail in water.


Message History

You freeze Rupert.
Rupert is severely wounded.
The wall freezes Rupert.
Rupert barely misses you.
The wall freezes Rupert.
Rupert barely misses you.
Aiming: Freeze (safe; 1% risk of failure)
Press: ? - help, Q - select action, (/) - cycle Shift-Dir - straight line, f/p - Rupert
Aim: Rupert, wielding a +4 battleaxe of flaming and wearing a +0 ring mail (severely wounded, berserk, extremely poisoned)
You freeze Rupert.
Rupert is severely wounded.
The wall freezes Rupert.
Rupert closely misses you.
Aiming: Freeze (safe; 1% risk of failure)
Press: ? - help, Q - select action, (/) - cycle Shift-Dir - straight line, f/p - Rupert
Aim: Rupert, wielding a +4 battleaxe of flaming and wearing a +0 ring mail (severely wounded, berserk, extremely poisoned)
You freeze Rupert!
Rupert is almost dead.
The wall freezes Rupert.
Rupert hits you with a +4 battleaxe of flaming!
* * * LOW HITPOINT WARNING * * *
Rupert burns you.
* * * LOW HITPOINT WARNING * * *
The wall freezes Rupert!
Rupert hits you with a +4 battleaxe of flaming.
* * * LOW HITPOINT WARNING * * *
Rupert burns you.
* * * LOW HITPOINT WARNING * * *
The heat melts your icy armour.
Okay, then.
You feel much better.
The frozen ramparts melt away.
You block Rupert's attack.
Casting: Freeze (safe; 1% risk of failure)
Confirm with . or Enter, or press ? or * to list all spells.
Casting: Frozen Ramparts (safe; 1% risk of failure)
Press: ? - help, Dir - look around, f - activate The walls around you are covered in ice.
The wall freezes Rupert.
Rupert hits you with a +4 battleaxe of flaming!
Rupert burns you.
* * * LOW HITPOINT WARNING * * *
The wall freezes Rupert.
Rupert hits you with a +4 battleaxe of flaming!!
You die...

## ########.#..........##.#
##.......#############.#*,*
########.####..##
##########..
########.####..## #.. ,
.........####..## *** ##. ,
#############..## *,,,,, *,
########## ##..#### , ** *,
##..#### * *
###########...@.# * * *
##.#########.###@##* * ,*
#.#.................
###.########.####.### * ,*
###.########.## .# ** *
##...# #.#* .# * * , .[...#
#.. , .. ,,, ,,, , ##...#
### * ##** * * ######


You could see Rupert (berserk, extremely poisoned).

Vanquished Creatures
  Frances (D:12)
  A reaper (Gauntlet)
  A minotaur (Gauntlet)
  A boulder beetle (D:12)
  2 hydras (D:11)
  A centaur warrior (D:12)
  3 two-headed ogres
  A hell hog (Gauntlet)
  Sonja (D:10)
  A fire crab (Gauntlet)
  3 cyclopes
  A manticore (D:9)
  A gargoyle (D:10)
  An unseen horror (D:11)
  2 komodo dragons
  2 hellwings (Gauntlet)
  3 trolls
  Sigmund (D:3)
  2 wraiths
  5 shadows
  A vampire (D:12)
  5 fire bats (Gauntlet)
  10 yaks
  A steam dragon (D:10)
  An acid dragon (D:9)
  2 water moccasins
  3 hell hounds (Gauntlet)
  10 orc warriors
  A sky beast (D:5)
  2 ice beasts (D:8)
  A black bear (D:5)
  8 ogres
  5 centaurs
  2 phantoms
  6 kobold brigands
  6 bullfrogs
  4 gnoll sergeants
  A necrophage (D:5)
  3 scorpions (D:6)
  5 killer bees (D:8)
  5 electric eels (D:8)
  3 howler monkeys
  3 hounds
  5 orc priests
  An iron imp (D:7)
  A jelly (D:8)
  A gnoll shaman (D:8)
  4 iguanas
  Ijyb (D:4)
  6 orc wizards
  18 gnolls
  A river rat (D:5)
  6 adders
  2 shadow imps
  2 white imps
  An ufetubus (D:6)
  5 worms
  2 dart slugs (D:3)
  40 orcs
  7 endoplasms
  6 giant cockroaches
  10 goblins
  8 hobgoblins
  5 jackals (D:3)
  36 kobolds
  6 quokkas
  3 training dummies (D:4)
  8 ball pythons
  5 bats
  5 frilled lizards
  A goblin zombie (D:7)
  A hobgoblin zombie (D:7)
  A kobold skeleton (D:7)
  2 kobold zombies (D:7)
  An orc zombie (D:7)
  7 rats
330 creatures vanquished.

Vanquished Creatures (others)
  24 plants (D:8)
24 creatures vanquished.

Grand Total: 354 creatures vanquished

Notes
Turn   | Place    | Note
-------+----------+-------------------------------------------
     0 | D:1      | testman the Merfolk Ice Elementalist began the quest for
                  | the Orb.
     0 | D:1      | Reached XP level 1. HP: 13/13 MP: 3/3
   196 | D:1      | Reached XP level 2. HP: 19/19 MP: 5/5
   429 | D:1      | You fall into a shaft and drop 1 floor!
   783 | D:1      | Reached XP level 3. HP: 24/24 MP: 6/6
   900 | D:1      | Found a faded altar of an unknown god.
  1003 | D:1      | Reached skill level 5 in Ice Magic
  1405 | D:2      | Learned a level 3 spell: Frozen Ramparts
  1409 | D:2      | Learned a level 3 spell: Ozocubu's Armour
  2124 | D:3      | Found a broken altar of Ashenzari.
  2200 | D:3      | Became a worshipper of Ashenzari the Shackled
  2312 | D:3      | Reached XP level 4. HP: 30/30 MP: 8/8
  2611 | D:3      | Noticed Sigmund
  2624 | D:3      | Killed Sigmund
  2625 | D:3      | Reached skill level 7 in Ice Magic
  2625 | D:3      | Reached XP level 5. HP: 12/35 MP: 0/9
  2625 | D:3      | Reached XP level 6. HP: 14/41 MP: 0/10
  2633 | D:3      | Learned a level 4 spell: Hailstorm
  3320 | D:4      | Identified the +10 ring mail "Roruboer" {rCorr Str+4}
  3337 | D:4      | Found a white marble altar of Elyvilon.
  3416 | D:4      | Noticed Ijyb
  3430 | D:4      | Killed Ijyb
  3475 | D:4      | Reached skill level 1 in Conjurations
  3660 | D:4      | Reached skill level 8 in Ice Magic
  3660 | D:4      | Reached XP level 7. HP: 41/46 MP: 7/11
  3706 | D:4      | Found Vuliq's Firing Range.
  3882 | D:4      | Found a staircase to the Ecumenical Temple.
  3945 | Temple   | Entered the Ecumenical Temple
  4283 | D:5      | Entered Level 5 of the Dungeon
  4311 | D:5      | Reached skill level 1 in Polearms
  4325 | D:5      | Found a glowing drain.
  4366 | Sewer    | Entered a sewer
  4633 | Sewer    | Reached * piety under Ashenzari
  4633 | Sewer    | Identified a scroll of acquirement
  4640 | Sewer    | Identified the cursed +0 pair of boots "Bound Gloom" {Fort,
                  | Range} (You found it on level 4 of the Dungeon)
  4764 | Sewer    | Reached XP level 8. HP: 52/52 MP: 13/21
  4771 | Sewer    | Learned a level 5 spell: Freezing Cloud
  4774 | Sewer    | Learned a level 2 spell: Sublimation of Blood
  4814 | D:5      | Acquired 834 gold pieces
  5018 | D:5      | Reached XP level 9. HP: 59/59 MP: 22/22
  5207 | D:5      | Learned a level 3 spell: Swiftness
  5266 | D:5      | Found a shadowy altar of Dithmenos.
  5276 | D:5      | Reached skill level 1 in Fighting
  5288 | D:5      | Found a hide-covered altar of Uskayaw.
  5291 | D:5      | Found a radiant altar of Vehumet.
  5356 | D:5      | Found a sacrificial altar of Ru.
  5651 | D:6      | Found a hazy altar of Hepliaklqana.
  5675 | D:6      | Reached ** piety under Ashenzari
  5934 | D:6      | Reached skill level 1 in Air Magic
  6061 | D:6      | Reached skill level 1 in Necromancy
  6412 | D:6      | Found Cyoxeuhu's Magic Scroll Emporium.
  6417 | D:6      | Bought a scroll of enchant weapon for 90 gold pieces
  6513 | D:6      | Found a blossoming altar of Fedhas.
  6570 | D:7      | Reached skill level 1 in Armour
  6646 | D:7      | Found a glowing golden altar of the Shining One.
  7077 | D:7      | Reached *** piety under Ashenzari
  7189 | D:7      | Reached skill level 9 in Ice Magic
  7446 | D:8      | Reached XP level 10. HP: 70/71 MP: 24/24
  8010 | D:8      | Reached **** piety under Ashenzari
  8092 | D:8      | Reached skill level 1 in Shields
  8928 | D:9      | Found Zin's Purification Station.
  8929 | D:9      | Found a glowing silver altar of Zin.
  9053 | D:9      | Noticed a two-headed ogre
  9077 | D:9      | Killed a two-headed ogre
  9078 | D:9      | Reached skill level 5 in Polearms
  9311 | D:9      | Noticed a manticore
  9330 | D:9      | Killed a manticore
  9385 | D:9      | Noticed a cyclops
  9394 | D:9      | Killed a cyclops
  9413 | D:9      | Found a staircase to the Lair.
  9431 | D:9      | Found a staircase to the Orcish Mines.
  9436 | D:9      | Reached XP level 11. HP: 83/83 MP: 11/26
  9725 | D:9      | Reached skill level 10 in Ice Magic
  9876 | D:9      | Reached skill level 5 in Fighting
 10010 | D:10     | Entered Level 10 of the Dungeon
 10978 | D:10     | Noticed Sonja
 10986 | D:10     | Killed Sonja
 12003 | D:11     | Noticed an eight-headed hydra
 12013 | D:11     | Killed an eight-headed hydra
 12014 | D:11     | Reached skill level 11 in Ice Magic
 12142 | D:11     | Noticed a cyclops
 12151 | D:11     | Killed a cyclops
 12180 | D:11     | Noticed a two-headed ogre
 12189 | D:11     | Killed a two-headed ogre
 12528 | D:11     | Noticed a six-headed hydra
 12541 | D:11     | Killed a six-headed hydra
 12542 | D:11     | Reached XP level 12. HP: 93/96 MP: 16/27
 12793 | D:11     | Noticed a two-headed ogre
 12799 | D:11     | Killed a two-headed ogre
 13108 | D:12     | Noticed a centaur warrior
 13185 | D:12     | Found a gate leading to a gauntlet.
 13194 | Gauntlet | Entered a Gauntlet
 13194 | Gauntlet | Found a transporter.
 13201 | Gauntlet | Found a transporter.
 13205 | Gauntlet | Found a transporter.
 13209 | Gauntlet | Found a runed translucent door.
 13209 | Gauntlet | Found a runed translucent door.
 13213 | Gauntlet | Found a transporter.
 13217 | Gauntlet | Found a transporter.
 13225 | Gauntlet | Found a transporter.
 13225 | Gauntlet | Noticed a reaper
 13229 | Gauntlet | Found a transporter.
 13231 | Gauntlet | Noticed a hell hog
 13236 | Gauntlet | Identified the amulet "Cefriolai" {Faith *Slow rCorr Int+2}
 13237 | Gauntlet | Found a transporter.
 13241 | Gauntlet | Found a transporter.
 13262 | Gauntlet | Found a transporter.
 13278 | Gauntlet | Found a transporter.
 13290 | Gauntlet | Found a transporter.
 13302 | Gauntlet | Found a transporter.
 13314 | Gauntlet | Found a transporter.
 13690 | Gauntlet | Killed a reaper
 13691 | Gauntlet | Reached skill level 10 in Polearms
 13899 | Gauntlet | Reached skill level 12 in Ice Magic
 13899 | Gauntlet | Killed a hell hog
 14383 | Gauntlet | Identified the Grimoire of the Compass
 14383 | Gauntlet | Identified the +5 flail of Twisting Instant Death {vorpal,
                  | rCorr MP+9 Stlth+}
 14383 | Gauntlet | Noticed a minotaur
 14416 | Gauntlet | Killed a minotaur
 14606 | D:12     | Killed a centaur warrior
 15075 | D:12     | Noticed a boulder beetle
 15087 | D:12     | Killed a boulder beetle
 15171 | D:12     | Noticed Frances
 15189 | D:12     | Killed Frances
 15412 | D:12     | Noticed Rupert
 15430 | D:12     | Mangled by Rupert

Illustrated notes

Levels and vault maps discovered:
D:1:      lemuel_arrival_room, layout_loops_ring,
          dreamdust_ecumenical_altar_statues, minmay_cut_off
D:2:      layout_loops_ring, mrwooster_statue_mirror
D:3:      layout_basic, nicolae_ashenzari_panopticon, uniq_sigmund
D:4:      layout_basic, lemuel_tele_altar, minmay_temple_entry_nine_rooms,
          corexii_corridor_pit, nicolae_shop_firing_range, uniq_ijyb
D:5:      layout_loops_ring, minitemple, lemuel_coloured_pillars_altar,
          portal_sewer_entry_c
D:6:      layout_loops_ring, marbit_many_paths,
          mainiacjoe_overflow_cross_hatched, serial_shops,
          nicolae_shop_hallway_plus
D:7:      layout_basic, nicolae_tso_besieged_by_evil
D:8:      layout_basic, minivault_10, chequers_serial_rivers_micro_d,
          serial_bayou_lagoon_b
D:9:      layout_irregular_city, zin_purify, lair_entry_dummy,
          kennysheep_orc_monster_closet_entryway, serial_column_ruins,
          column_ruins_corridor_straight, column_ruins_grid_4,
          column_ruins_grid_1
D:10:     layout_basic, uniq_sonja
D:11:     layout_loops_corners
D:12:     layout_loops_ring, gauntlet_entry_generic, uniq_frances, uniq_rupert
Temple:   nicolae_temple_x_marks_the_god

Skill      XL: |  1  2  3  4  5  6  7  8  9 10 11 12 |
---------------+-------------------------------------+-----
Ice Magic      | 5 7 8 9 11 12 | 12.7
Spellcasting   | 3 8 9 |  9.0
Conjurations   | 1 7 8 |  8.0
Polearms       | 2 4 5 9 11 | 11.5
Fighting       | 2 4 7 9 |  9.7
Dodging        | 3 |  3.0
Air Magic      | 1 3 |  3.2
Necromancy     | 1 |  1.4
Armour         | 1 |  1.1
Shields        | 2 |  2.0
Stealth        | |  2.1

Action                   |  1- 3 |  4- 6 |  7- 9 | 10-12 || total
-------------------------+-------+-------+-------+-------++-------
Melee: Short sword       |    25 |       |       |       ||    25
       Spear             |    31 |    58 |   265 |   505 ||   859
       Punch             |       |       |     2 |     1 ||     3
 Cast: Freeze            |    29 |     1 |    12 |    29 ||    71
       Frozen Ramparts   |     3 |    13 |    26 |    43 ||    85
       Ozocubu's Armour  |       |     2 |     3 |    19 ||    24
       Hailstorm         |       |       |       |    15 ||    15
       Freezing Cloud    |       |       |       |    18 ||    18
       Swiftness         |       |       |       |     3 ||     3
Invok: Curse Item        |       |       |     5 |     2 ||     7
  Use: Potion            |       |       |     1 |     5 ||     6
       Scroll            |       |       |     1 |     3 ||     4
 Stab: Sleeping          |     9 |     5 |     4 |     3 ||    21
       Distracted        |     1 |       |       |       ||     1
Armor: Robe              |    15 |     2 |       |       ||    17
       Ring mail         |       |     6 |    93 |   136 ||   235
Dodge: Dodged            |    32 |    17 |    68 |   144 ||   261
Block: Buckler           |       |       |       |   103 ||   103

Table legend: (Time is in decaauts)
 A = Elapsed time spent in this place.
 B = Non-inter-level travel time spent in this place.
 C = Inter-level travel time spent in this place.
 D = Time resting spent in this place.
 E = Time spent auto-exploring this place.
 F = Levels seen in this place.
 G = Mean time per level.
                   A        B        C        D        E       F      G
               +--------+--------+--------+--------+--------+-----+--------+
         Total |  15205 |  14745 |    460 |   2317 |   9915 |  15 | 1013.7 |
       Dungeon |  13515 |  13063 |    452 |   1616 |   9311 |  12 | 1126.2 |
        Temple |     46 |     38 |      8 |      0 |     35 |   1 |   46.0 |
         Sewer |    430 |    430 |      0 |     37 |    272 |   1 |  430.0 |
      Gauntlet |   1213 |   1213 |      0 |    664 |    296 |   1 | 1213.0 |
               +--------+--------+--------+--------+--------+-----+--------+

Top non-repeatable levels by time:
    D:10: 1707 daAuts
     D:8: 1468 daAuts
    D:11: 1382 daAuts
     D:3: 1241 daAuts
     D:1: 1237 daAuts
Gauntlet: 1213 daAuts
     D:9: 1068 daAuts
    D:12: 976 daAuts
     D:6: 967 daAuts
     D:4: 930 daAuts
     D:5: 856 daAuts
     D:7: 848 daAuts
     D:2: 830 daAuts
   Sewer: 430 daAuts
  Temple: 46 daAuts
